[Event "DVM U14 2021"]
[Site "Willingen"]
[Date "2022.08.15"]
[Round "6"]
[White "Reus, Nicholas"]
[Black "Eichhorn, Valentin"]
[Result "1-0"]
[ECO "E01"]
[WhiteElo "1663"]
[BlackElo "1506"]
[Annotator "NA RC"]
[PlyCount "61"]
[EventDate "2022.08.12"]
[EventType "team-tourn"]
[EventRounds "7"]
[EventCountry "GER"]
[SourceTitle "playchess.com"]
[Source "ChessBase"]
[SourceQuality "1"]
[TimeControl "40/5400+30:1800+30"]

1. c4 e6 2. g3 d5 3. d4 Nf6 4. Bg2 c6 5. Nf3 Bd6 6. O-O Nbd7 7. Bf4 Bxf4 8. gxf4 Qc7 9. e3 Ne4 10. Nbd2 Ndf6 11. Qc2 O-O 12. Nxe4 Nxe4 13. Ne5 Nf6 14. b4 Qe7 15. c5 Nd7 16. a4 Nxe5 17. fxe5 f6 18. exf6 Qxf6 19. f4 Qh4 20. Rf3 h6 21. Rg3 Qf6 22. Bh3 Kf7 23. Kh1 Bd7 24. Rag1 Rg8 25. Qh7 Rae8 26. Rg6 Qxg6 27. Qxg6+ Ke7 28. f5 Ref8 29. fxe6 Be8 30. Qg3 Bh5 31. Qd6+ 1-0

[Event "DVM U14 2021"]
[Site "Willingen"]
[Date "2022.08.15"]
[Round "6"]
[White "Helmbrecht, Paul"]
[Black "Bungarten, Jona"]
[Result "0-1"]
[ECO "D36"]
[WhiteElo "1661"]
[BlackElo "1834"]
[Annotator "NA RC"]
[PlyCount "108"]
[EventDate "2022.08.12"]
[EventType "team-tourn"]
[EventRounds "7"]
[EventCountry "GER"]
[SourceTitle "playchess.com"]
[Source "ChessBase"]
[SourceQuality "1"]
[TimeControl "40/5400+30:1800+30"]

1. d4 d5 2. c4 e6 3. Nc3 Nf6 4. cxd5 exd5 5. Bg5 Be7 6. e3 c6 7. Bd3 O-O 8. Qc2 h6 9. Bh4 Re8 10. Nge2 Nbd7 11. O-O Ne4 12. Bxe7 Qxe7 13. Ng3 (13. Bxe4 {should be considered.} dxe4 14. Rfd1) 13... Ndf6 14. Rab1 (14. Ngxe4 $11 dxe4 15. Be2) 14... h5 ({Better is} 14... Nxg3 $1 $15 15. hxg3 Ng4) 15. Ngxe4 Nxe4 16. Nxe4 dxe4 17. Be2 h4 18. Qc5 Qf6 19. Qh5 Be6 20. b3 Rad8 21. g3 Bh3 22. Rfc1 hxg3 23. hxg3 Be6 24. Kg2 Rd5 25. Qh4 g5 26. Qh5 Rf5 27. Rf1 $11 Kg7 28. g4 Rh8 29. Qxh8+ Kxh8 30. Rh1+ Kg7 31. gxf5 Qxf5 32. Rbc1 Qg6 33. Rc5 f5 34. Kf1 Bd5 35. Rc1 b5 36. Ke1 f4 37. Kd2 f3 38. Bd1 Qd6 39. Rc5 Qd8 40. b4 Bxa2 41. Rxc6 Qd7 42. Rhh6 Bf7 43. Bb3 Bxb3 44. Rcg6+ Kf8 45. Rh8+ Ke7 46. Rg7+ Bf7 47. Rhh7 Qd5 48. Ke1 Qa2 49. Rxf7+ Qxf7 50. Rxf7+ Kxf7 51. Kf1 Ke6 52. Kg1 Kd5 53. Kh2 Kc4 54. Kg3 Kxb4 0-1

[Event "DVM U14 2021"]
[Site "Willingen"]
[Date "2022.08.15"]
[Round "6"]
[White "Hoffmann, Kay"]
[Black "Krüger, Arthur"]
[Result "1-0"]
[ECO "D02"]
[WhiteElo "1653"]
[BlackElo "1996"]
[Annotator "NA RC"]
[PlyCount "68"]
[EventDate "2022.08.12"]
[EventType "team-tourn"]
[EventRounds "7"]
[EventCountry "GER"]
[SourceTitle "playchess.com"]
[Source "ChessBase"]
[SourceQuality "1"]
[TimeControl "40/5400+30:1800+30"]

1. d4 d5 2. Bf4 Nf6 3. e3 c5 4. c3 Nc6 5. Nf3 Qb6 6. Qc2 Bf5 7. dxc5 Bxc2 8. cxb6 Bxb1 9. Rxb1 axb6 10. a3 e6 11. Bb5 Nd7 12. Nd4 Rc8 13. Nxc6 bxc6 14. Ba6 Rd8 15. Bb7 e5 16. Bg3 Nb8 17. Bxe5 Kd7 $16 18. c4 Bd6 19. Bxg7 Rhg8 20. Bf6 Kc7 21. Bxd8+ Rxd8 22. Bxc6 Kxc6 23. Rc1 Nd7 24. Ke2 dxc4 25. Rxc4+ Kd5 26. Rd4+ Ke6 27. f4 Bc5 28. Re4+ Kf5 29. Kf3 Kg6 30. b4 Bf8 31. Rd4 Kf6 32. Rhd1 Ke6 33. g4 Bg7 34. Re4+ Be5 1-0

[Event "DVM U14 2021"]
[Site "Willingen"]
[Date "2022.08.15"]
[Round "6"]
[White "Martin Fernandez, Rafael"]
[Black "Vecera, Fabio"]
[Result "1-0"]
[ECO "B03"]
[WhiteElo "1645"]
[BlackElo "1527"]
[Annotator "NA RC"]
[PlyCount "74"]
[EventDate "2022.08.12"]
[EventType "team-tourn"]
[EventRounds "7"]
[EventCountry "GER"]
[SourceTitle "playchess.com"]
[Source "ChessBase"]
[SourceQuality "1"]
[TimeControl "40/5400+30:1800+30"]

1. e4 Nf6 2. e5 Nd5 3. c4 Nb6 4. d4 d6 5. f4 dxe5 6. fxe5 c5 7. d5 e6 8. Nc3 a6 9. Be2 exd5 10. cxd5 Qh4+ 11. g3 Qd4 12. Nf3 Qxd1+ 13. Bxd1 Be7 14. a4 a5 15. Kf2 O-O 16. Be2 Na6 17. Bxa6 bxa6 18. b3 Bb7 19. Rd1 Rfe8 20. Bf4 Rac8 21. d6 Bd8 22. d7 Nxd7 23. Rxd7 Bxf3 24. Kxf3 g5 25. Be3 Rxe5 26. Rad1 Bf6 27. Nd5 Rc6 28. Nxf6+ Rxf6+ 29. Ke2 Rb6 30. R1d5 Ree6 31. Rxg5+ Kf8 32. Rd3 c4 33. bxc4 Rb2+ 34. Rd2 Rb3 35. Rd3 Rb2+ 36. Kf3 f6 37. Rh5 Rb4 1-0

[Event "DVM U14 2021"]
[Site "Willingen"]
[Date "2022.08.15"]
[Round "6"]
[White "Aravindan, Midhulan"]
[Black "Schwartz, Oliver"]
[Result "1/2-1/2"]
[ECO "B50"]
[WhiteElo "1642"]
[BlackElo "1872"]
[Annotator "NA RC"]
[PlyCount "60"]
[EventDate "2022.08.12"]
[EventType "team-tourn"]
[EventRounds "7"]
[EventCountry "GER"]
[SourceTitle "playchess.com"]
[Source "ChessBase"]
[SourceQuality "1"]
[TimeControl "40/5400+30:1800+30"]

1. e4 c5 2. b3 d6 3. Bb2 Nc6 4. Nc3 Nf6 5. Nf3 g6 6. Nd5 Bg7 7. Bc4 O-O 8. Nxf6+ exf6 9. O-O Re8 10. Re1 f5 11. Bxg7 Kxg7 12. d3 Ne5 13. Nxe5 dxe5 14. Qf3 Qc7 15. exf5 Bxf5 16. g4 Be6 $11 17. g5 Bxc4 18. bxc4 Rad8 19. Re4 Rd4 20. Rae1 Rxe4 21. Rxe4 Qe7 22. Qe3 b6 23. f4 Qd7 24. fxe5 Qa4 25. Qf2 Qxa2 26. Qf6+ Kg8 27. Rf4 Qa1+ 28. Kf2 Qxe5 29. Qxf7+ Kh8 30. Qf6+ Kg8 1/2-1/2

[Event "DVM U14 2021"]
[Site "Willingen"]
[Date "2022.08.15"]
[Round "6"]
[White "Gold, Jan Christian"]
[Black "Fettig, Michel"]
[Result "1/2-1/2"]
[ECO "D35"]
[WhiteElo "1638"]
[BlackElo "1370"]
[Annotator "NA RC"]
[PlyCount "66"]
[EventDate "2022.08.12"]
[EventType "team-tourn"]
[EventRounds "7"]
[EventCountry "GER"]
[SourceTitle "playchess.com"]
[Source "ChessBase"]
[SourceQuality "1"]
[TimeControl "40/5400+30:1800+30"]

1. d4 d5 2. c4 e6 3. Nf3 Nf6 4. Bf4 c6 5. e3 Bd6 6. Bxd6 Qxd6 7. Nc3 Nbd7 8. Rc1 e5 9. cxd5 cxd5 10. dxe5 Nxe5 11. Nxe5 Qxe5 12. Bb5+ Kf8 13. O-O g6 14. Be2 Kg7 15. Bf3 Be6 16. Qb3 b6 17. Nb5 Bd7 18. Rfd1 Bxb5 19. Qxb5 Rhd8 20. Rc2 Rd7 21. e4 Rad8 22. exd5 g5 23. h3 h6 24. Rcd2 Rd6 25. Qb3 R8d7 26. Qa4 Kg6 27. g3 Qf5 28. Kg2 h5 29. g4 hxg4 30. hxg4 Qe5 31. Re2 Qf4 32. Qxf4 gxf4 33. Red2 Kg5 1/2-1/2

[Event "DVM U14 2021"]
[Site "Willingen"]
[Date "2022.08.15"]
[Round "6"]
[White "Chugunov, Ivan"]
[Black "Bolz, Jannis"]
[Result "1-0"]
[ECO "B15"]
[WhiteElo "1630"]
[BlackElo "1616"]
[Annotator "NA RC"]
[PlyCount "65"]
[EventDate "2022.08.12"]
[EventType "team-tourn"]
[EventRounds "7"]
[EventCountry "GER"]
[SourceTitle "playchess.com"]
[Source "ChessBase"]
[SourceQuality "1"]
[TimeControl "40/5400+30:1800+30"]

1. e4 c6 2. d4 d5 3. Nc3 dxe4 4. Nxe4 Nf6 5. Nxf6+ exf6 6. Bc4 Bd6 7. Qe2+ Qe7 8. Qxe7+ Bxe7 9. c3 O-O 10. Bf4 Bf5 11. O-O-O Nd7 12. Ne2 b5 13. Bb3 Nb6 14. Ng3 Bg6 15. Rhe1 Rfe8 16. Ne4 Nd5 17. Bg3 Rad8 18. Nd6 Bxd6 19. Bxd6 h6 20. Bg3 b4 21. Kd2 bxc3+ 22. bxc3 Re6 23. a3 Kf8 24. c4 Nb6 25. Kc3 Rd7 26. f3 Rde7 27. a4 a5 28. Rxe6 Rxe6 29. Kd2 Na8 30. c5 Re8 31. Bd6+ Kg8 32. Re1 Rc8 33. Re7 1-0

[Event "DVM U14 2021"]
[Site "Willingen"]
[Date "2022.08.15"]
[Round "6"]
[White "Isbilir, Levin"]
[Black "Englert, Luca"]
[Result "1/2-1/2"]
[ECO "D05"]
[WhiteElo "1629"]
[BlackElo "1741"]
[Annotator "NA RC"]
[PlyCount "210"]
[EventDate "2022.08.12"]
[EventType "team-tourn"]
[EventRounds "7"]
[EventCountry "GER"]
[SourceTitle "playchess.com"]
[Source "ChessBase"]
[SourceQuality "1"]
[TimeControl "40/5400+30:1800+30"]

1. d4 d5 2. Nf3 c5 3. e3 Nf6 4. c3 Nc6 5. Bd3 Bg4 6. h3 Bxf3 7. Qxf3 Qb6 8. Nd2 e5 9. dxe5 Nxe5 10. Qe2 Nxd3+ 11. Qxd3 Be7 12. O-O O-O 13. Nf3 c4 14. Qc2 Ne4 15. b3 f5 16. Nd2 Qe6 17. bxc4 dxc4 18. Nxe4 fxe4 19. Rd1 Rf5 20. Rd4 Re5 21. Bb2 Bc5 22. Rd2 Rg5 23. Rad1 Bb6 24. Rd6 Qe8 25. Qe2 Rc8 26. Ba3 h6 27. h4 Qh5 28. Qxh5 Rxh5 29. g3 Ra5 30. Bb4 Rxa2 31. Rd7 a5 32. Rxb7 axb4 33. Rdd7 Rc7 34. Rdxc7 Bxc7 35. Rxb4 Be5 36. Rxc4 Kf7 37. Rxe4 Bxc3 38. g4 Bf6 39. Rf4 Ke6 40. h5 Bg5 41. Rf5 Ra4 42. f4 Bd8 43. Rb5 Ra2 44. g5 hxg5 45. fxg5 Re2 46. h6 gxh6 47. gxh6 Rxe3 48. Rh5 Rg3+ 49. Kf2 Rg8 50. h7 Rh8 51. Kf3 Kf7 52. Ke4 Kg6 53. Rh2 Bg5 54. Kd5 Bh6 55. Rg2+ Kxh7 56. Ke6 Rf8 57. Rg4 Rf1 58. Rg2 Bc1 59. Rg4 Kh6 60. Rg2 Bg5 61. Ke5 Kg6 62. Ke6 Re1+ 63. Kd5 Kf5 64. Rh2 Rd1+ 65. Kc4 Ke4 66. Rh7 Rc1+ 67. Kb5 Bf6 68. Rh6 Be5 69. Rh4+ Kd5 70. Rg4 Rb1+ 71. Rb4 Rc1 72. Rh4 Rc5+ 73. Kb4 Rc8 74. Kb3 Rb8+ 75. Kc2 Rb2+ 76. Kd3 Rb3+ 77. Ke2 Bd4 78. Rg4 Kc4 79. Rg8 Re3+ 80. Kd2 Rf3 81. Rc8+ Bc5 82. Re8 Rf2+ 83. Re2 Rf1 84. Re8 Bb4+ 85. Kc2 Rf2+ 86. Kd1 Kb3 87. Rb8 Rd2+ 88. Kc1 Re2 89. Rd8 Bc3 90. Rb8+ Kc4 91. Rd8 Bd4 92. Kd1 Rg2 93. Ke1 Kd3 94. Rf8 Rc2 95. Kf1 Bc5 96. Rf3+ Ke4 97. Rf7 Ke3 98. Rc7 Rf2+ 99. Ke1 Bb4+ 100. Kd1 Rd2+ 101. Kc1 Ba3+ 102. Kb1 Rb2+ 103. Ka1 Rb3 104. Rc8 Bb2+ 105. Ka2 Rb7 1/2-1/2

[Event "DVM U14 2021"]
[Site "Willingen"]
[Date "2022.08.15"]
[Round "6"]
[White "Mehner, Lorenz"]
[Black "Strauss, Florian"]
[Result "0-1"]
[ECO "E42"]
[WhiteElo "1602"]
[BlackElo "1527"]
[Annotator "NA RC"]
[PlyCount "55"]
[EventDate "2022.08.12"]
[EventType "team-tourn"]
[EventRounds "7"]
[EventCountry "GER"]
[SourceTitle "playchess.com"]
[Source "ChessBase"]
[SourceQuality "1"]
[TimeControl "40/5400+30:1800+30"]

1. d4 Nf6 2. c4 e6 3. Nc3 Bb4 4. e3 c5 5. Nge2 b6 6. Bd2 Bb7 7. Nb5 Bxd2+ 8. Qxd2 d5 9. dxc5 bxc5 10. cxd5 exd5 11. b4 a6 12. Na3 c4 13. Nd4 Ne4 14. Qb2 c3 15. Qb3 Qf6 16. Qc2 Nc6 17. Nxc6 Bxc6 18. Bd3 O-O 19. O-O g6 20. Nb1 Ng5 21. Qxc3 Nf3+ 22. Kh1 d4 23. exd4 Qd6 24. gxf3 Bxf3+ 25. Kg1 Qf4 26. Rd1 Qg4+ 27. Kf1 Rae8 28. Qe1 0-1

[Event "DVM U14 2021"]
[Site "Willingen"]
[Date "2022.08.15"]
[Round "6"]
[White "Gotfried, Elias"]
[Black "Liu, Leon"]
[Result "1-0"]
[ECO "B18"]
[WhiteElo "1589"]
[BlackElo "1256"]
[Annotator "NA RC"]
[PlyCount "51"]
[EventDate "2022.08.12"]
[EventType "team-tourn"]
[EventRounds "7"]
[EventCountry "GER"]
[SourceTitle "playchess.com"]
[Source "ChessBase"]
[SourceQuality "1"]
[TimeControl "40/5400+30:1800+30"]

1. e4 c6 2. d4 d5 3. Nd2 dxe4 4. Nxe4 Bf5 5. Ng3 Bg6 6. Nf3 Nd7 7. Bd3 Bxd3 8. Qxd3 e6 9. Bf4 Ngf6 10. O-O Be7 11. Rfe1 O-O 12. c4 Rc8 13. Rad1 Re8 14. a3 c5 15. d5 exd5 16. cxd5 c4 17. Qc2 Bc5 18. Rxe8+ Qxe8 19. d6 Rc6 20. Nf5 Kh8 21. Ne7 Rb6 22. h3 Qb8 23. Ng5 Qf8 24. Qxc4 g6 25. Nxf7+ Kg7 26. Bh6# 1-0

[Event "DVM U14 2021"]
[Site "Willingen"]
[Date "2022.08.15"]
[Round "6"]
[White "Kiefhaber, Tobias"]
[Black "Goldinov, Daniel"]
[Result "0-1"]
[ECO "A80"]
[WhiteElo "1581"]
[BlackElo "1546"]
[Annotator "NA RC"]
[PlyCount "54"]
[EventDate "2022.08.12"]
[EventType "team-tourn"]
[EventRounds "7"]
[EventCountry "GER"]
[SourceTitle "playchess.com"]
[Source "ChessBase"]
[SourceQuality "1"]
[TimeControl "40/5400+30:1800+30"]

1. d4 f5 2. Nf3 Nf6 3. d5 g6 4. c4 Bg7 5. Nc3 O-O 6. Bf4 Ne4 7. Qc1 Nxc3 8. bxc3 d6 9. Bh6 e5 10. Bxg7 Kxg7 11. h4 h6 12. e3 Nd7 13. Be2 Nc5 14. Qc2 Bd7 15. Nd2 a5 16. f3 a4 17. g4 Be8 18. O-O-O Qf6 19. Rdg1 Kh8 20. g5 Qg7 21. f4 h5 22. Nf3 Bd7 23. Re1 Ra6 24. Bf1 Rb6 25. Nd2 a3 26. Nb1 Rb2 27. Qd1 Ba4 0-1

[Event "DVM U14 2021"]
[Site "Willingen"]
[Date "2022.08.15"]
[Round "6"]
[White "Widmann, Maximilian"]
[Black "Martin Fernandez, Félix"]
[Result "1-0"]
[ECO "A09"]
[WhiteElo "1573"]
[BlackElo "1026"]
[Annotator "NA RC"]
[PlyCount "37"]
[EventDate "2022.08.12"]
[EventType "team-tourn"]
[EventRounds "7"]
[EventCountry "GER"]
[SourceTitle "playchess.com"]
[Source "ChessBase"]
[SourceQuality "1"]
[TimeControl "40/5400+30:1800+30"]

1. Nf3 d5 2. c4 Nf6 3. g3 Nc6 4. cxd5 Nxd5 5. Nc3 Bg4 6. Bg2 Qd7 7. O-O g6 8. d3 O-O-O 9. Bd2 Bg7 10. Nxd5 Qxd5 11. Bc3 Bxc3 12. bxc3 Qc5 13. Qb3 f5 14. Rab1 b6 15. d4 Qd6 16. Qb5 Na5 17. Ne5 c5 18. Qa6+ Nb7 19. Qxb7# 1-0

[Event "DVM U14 2021"]
[Site "Willingen"]
[Date "2022.08.15"]
[Round "6"]
[White "Lipinsky, Pierre"]
[Black "Schaudienst, Arvid"]
[Result "1-0"]
[ECO "E73"]
[WhiteElo "1560"]
[BlackElo "1431"]
[Annotator "NA RC"]
[PlyCount "67"]
[EventDate "2022.08.12"]
[EventType "team-tourn"]
[EventRounds "7"]
[EventCountry "GER"]
[SourceTitle "playchess.com"]
[Source "ChessBase"]
[SourceQuality "1"]
[TimeControl "40/5400+30:1800+30"]

1. d4 Nf6 2. c4 g6 3. Nc3 Bg7 4. e4 d6 5. Be2 O-O 6. Be3 e5 7. d5 a5 8. Qd2 Na6 9. f3 Ne8 10. g4 c6 11. h4 cxd5 12. Nxd5 Nf6 13. Nb6 Rb8 14. Qxa5 Be6 15. Qd2 Nc5 16. Nd5 Ra8 17. Qc1 Bxd5 18. cxd5 Qa5+ 19. Bd2 Qa4 20. Qc3 Rfc8 21. Bd1 Qa6 22. Be2 Qa4 23. Qb4 Qc2 24. Rc1 Nd3+ 25. Bxd3 Qxd3 26. a3 Rxc1+ 27. Bxc1 Qb1 28. Qc4 b5 29. Qc6 Ra4 30. Ne2 Rc4 31. Qa8+ Bf8 32. Kf2 Qd3 33. Bh6 Nxe4+ 34. fxe4 1-0

[Event "DVM U14 2021"]
[Site "Willingen"]
[Date "2022.08.15"]
[Round "6"]
[White "von Beckh, Frieda"]
[Black "Herfurt, Manuel"]
[Result "1-0"]
[ECO "B13"]
[WhiteElo "1548"]
[BlackElo "1656"]
[Annotator "NA RC"]
[PlyCount "123"]
[EventDate "2022.08.12"]
[EventType "team-tourn"]
[EventRounds "7"]
[EventCountry "GER"]
[SourceTitle "playchess.com"]
[Source "ChessBase"]
[SourceQuality "1"]
[TimeControl "40/5400+30:1800+30"]

1. e4 c6 2. d4 d5 3. exd5 cxd5 4. Bd3 Nc6 5. c3 Nf6 6. Bf4 Bg4 7. Qb3 Qd7 8. Nd2 e6 9. Ngf3 Na5 10. Qc2 Bxf3 11. Nxf3 Rc8 12. Ne5 Qd8 13. Bb5+ Nc6 14. Qa4 Qb6 15. Qb3 Be7 16. Nxc6 bxc6 17. Bd3 O-O 18. O-O h6 19. Qxb6 axb6 20. Ba6 Rcd8 21. a4 Bd6 22. Bd2 Rd7 23. Bd3 Ra8 24. f3 Rda7 25. Bc2 Nd7 26. b4 b5 27. a5 Nb6 28. Bd3 Nc4 29. Bxc4 dxc4 30. f4 f5 31. Rfe1 Kf7 32. Kf2 Kf6 33. Kf3 g5 34. Re2 g4+ 35. Ke3 h5 36. Be1 Rh8 37. Bh4+ Kf7 38. Rae1 Rh6 39. Bg5 Rg6 40. Bd8 Bc7 41. Bxc7 Rxc7 42. Kf2 h4 43. Re5 Ra7 44. Rc5 Ra6 45. Rh1 Rg8 46. g3 h3 47. Re1 Rg6 48. Ree5 Rg8 49. d5 exd5 50. Rxf5+ Ke6 51. Re5+ Kf6 52. Ke3 Rg7 53. Kd4 Rc7 54. Rh5 Kg6 55. Rg5+ Kf6 56. Re5 Kg6 57. f5+ Kf6 58. Rexd5 Rc8 59. Rd6+ Ke7 60. Ke5 Rc7 61. f6+ Kf7 62. Rxb5 1-0

[Event "DVM U14 2021"]
[Site "Willingen"]
[Date "2022.08.15"]
[Round "6"]
[White "Kommessin, Felix"]
[Black "Huber, Laura"]
[Result "1-0"]
[ECO "C36"]
[WhiteElo "1536"]
[BlackElo "1302"]
[Annotator "NA RC"]
[PlyCount "89"]
[EventDate "2022.08.12"]
[EventType "team-tourn"]
[EventRounds "7"]
[EventCountry "GER"]
[SourceTitle "playchess.com"]
[Source "ChessBase"]
[SourceQuality "1"]
[TimeControl "40/5400+30:1800+30"]

1. e4 e5 2. f4 exf4 3. Nf3 Nf6 4. Nc3 d5 5. exd5 Nxd5 6. d4 Nxc3 7. bxc3 Bd6 8. Bc4 O-O 9. O-O Nd7 10. Ne1 Nb6 11. Bb3 c5 12. c4 cxd4 13. Qxd4 Qc7 14. Nd3 Nd7 15. Bxf4 Bc5 16. Qxc5 Qxc5+ 17. Nxc5 Nxc5 18. Bd6 Nxb3 19. cxb3 Re8 20. c5 Bd7 21. Rfe1 Rxe1+ 22. Rxe1 Re8 23. Rd1 Bc6 24. Kf2 f6 25. a3 Kf7 26. g3 Bd7 27. Bb8 Bg4 28. Rd4 Rxb8 29. Rxg4 f5 30. Rd4 Ke7 31. Ke3 b6 32. c6 Rd8 33. Rxd8 Kxd8 34. b4 b5 35. Kf4 g6 36. Kg5 Kc7 37. h4 Kxc6 38. Kh6 Kd6 39. Kxh7 Ke7 40. Kxg6 f4 41. gxf4 Kf8 42. Kf6 Kg8 43. f5 Kf8 44. h5 Kg8 45. Ke7 1-0

[Event "DVM U14 2021"]
[Site "Willingen"]
[Date "2022.08.15"]
[Round "6"]
[White "Spranger, Tobias"]
[Black "Vollbehr, Bjarne"]
[Result "0-1"]
[ECO "D93"]
[WhiteElo "1522"]
[BlackElo "1654"]
[Annotator "NA RC"]
[PlyCount "90"]
[EventDate "2022.08.12"]
[EventType "team-tourn"]
[EventRounds "7"]
[EventCountry "GER"]
[SourceTitle "playchess.com"]
[Source "ChessBase"]
[SourceQuality "1"]
[TimeControl "40/5400+30:1800+30"]

1. d4 Nf6 2. c4 g6 3. Nc3 d5 4. Nf3 Bg7 5. Bf4 c6 6. e3 O-O 7. Be2 Bg4 8. O-O Nbd7 9. Rc1 Rc8 10. h3 Bxf3 11. Bxf3 dxc4 12. a4 a6 13. b3 cxb3 14. Qxb3 b5 15. axb5 axb5 16. Ra1 Qb6 17. Rfc1 Rfe8 18. Ra2 e5 19. dxe5 Nxe5 20. Be2 Ned7 21. Rd1 Nc5 22. Na4 Nxa4 23. Rxa4 Nd5 24. Rxd5 cxd5 25. Bxb5 Red8 26. Rb4 Rc3 27. Qa4 Bf8 28. Rb1 Bd6 29. Bxd6 Qxd6 30. g3 Rb8 31. Rd1 Ra3 32. Qd4 Rxb5 33. Rc1 Rb8 34. Rc5 Rd8 35. Rc1 Raa8 36. Rd1 Qe6 37. Qb2 Qxh3 38. Rc1 h5 39. Rc7 Qe6 40. Rc1 h4 41. Kg2 d4 42. Rh1 Ra2 43. Qb1 dxe3 44. Rxh4 Rxf2+ 45. Kg1 Qd6 0-1

[Event "DVM U14 2021"]
[Site "Willingen"]
[Date "2022.08.15"]
[Round "6"]
[White "Apel, Linus"]
[Black "Bade, Deniz"]
[Result "1/2-1/2"]
[ECO "B33"]
[WhiteElo "1488"]
[BlackElo "1414"]
[Annotator "NA RC"]
[PlyCount "56"]
[EventDate "2022.08.12"]
[EventType "team-tourn"]
[EventRounds "7"]
[EventCountry "GER"]
[SourceTitle "playchess.com"]
[Source "ChessBase"]
[SourceQuality "1"]
[TimeControl "40/5400+30:1800+30"]

1. e4 c5 2. Nf3 Nc6 3. d4 cxd4 4. Nxd4 Nf6 5. Nc3 e5 6. Ndb5 d6 7. Bg5 a6 8. Na3 b5 9. Nd5 Be7 10. Bxf6 Bxf6 11. c3 O-O 12. Be2 Bg5 13. O-O Rb8 14. Nc2 Kh8 15. Nce3 Ne7 16. Nxe7 Qxe7 17. Nd5 Qb7 18. f4 exf4 19. Qd4 Re8 20. Bd3 Be6 21. Nxf4 Qb6 22. Qxb6 Rxb6 23. Nxe6 fxe6 24. Rf7 Kg8 25. Rf3 Rc8 26. Raf1 Bf6 27. Rb1 a5 28. g3 b4 1/2-1/2

[Event "DVM U14 2021"]
[Site "Willingen"]
[Date "2022.08.15"]
[Round "6"]
[White "Fock, Madiha"]
[Black "Prinzen, Siri Marleen"]
[Result "0-1"]
[ECO "B15"]
[WhiteElo "1472"]
[BlackElo "1801"]
[Annotator "NA RC"]
[PlyCount "48"]
[EventDate "2022.08.12"]
[EventType "team-tourn"]
[EventRounds "7"]
[EventCountry "GER"]
[SourceTitle "playchess.com"]
[Source "ChessBase"]
[SourceQuality "1"]
[TimeControl "40/5400+30:1800+30"]

1. e4 c6 2. d4 d5 3. Nd2 dxe4 4. Nxe4 Nf6 5. Nxf6+ exf6 6. Nf3 Bd6 7. Bd3 O-O 8. O-O Be6 9. c3 Nd7 10. Qc2 g6 11. h3 Re8 12. Bh6 Bf8 13. Bxf8 Nxf8 14. Rfe1 Bd5 15. Be4 Bxe4 16. Rxe4 Rxe4 17. Qxe4 Ne6 18. Rd1 Qd5 19. Qb1 Rd8 20. b3 Nf4 21. c4 Nxh3+ 22. Kf1 Qh5 23. Ng1 Nf4 24. Qe4 Qxd1+ 0-1

[Event "DVM U14 2021"]
[Site "Willingen"]
[Date "2022.08.15"]
[Round "6"]
[White "Le, Dinh An"]
[Black "Wagner, Anton"]
[Result "0-1"]
[ECO "E01"]
[WhiteElo "1470"]
[BlackElo "1479"]
[Annotator "NA RC"]
[PlyCount "66"]
[EventDate "2022.08.12"]
[EventType "team-tourn"]
[EventRounds "7"]
[EventCountry "GER"]
[SourceTitle "playchess.com"]
[Source "ChessBase"]
[SourceQuality "1"]
[TimeControl "40/5400+30:1800+30"]

1. d4 Nf6 2. Nf3 d5 3. g3 e6 4. Bg2 c5 5. O-O Nc6 6. c4 cxd4 7. Nxd4 Bc5 8. Nxc6 bxc6 9. Qc2 Bb6 10. Rd1 Bb7 11. Nc3 h6 12. Bf4 Bc7 13. cxd5 exd5 14. Bxc7 Qxc7 15. Nxd5 Nxd5 16. Bxd5 O-O 17. Rac1 Rac8 18. b3 Rfd8 19. Bg2 Rxd1+ 20. Rxd1 c5 21. Bxb7 Qxb7 22. Qf5 g6 23. Qd7 Rc7 24. Qe8+ Kg7 25. Rd8 Kf6 26. Qh8+ Kf5 27. Qxh6 Qe4 28. Qd2 Re7 29. Rd5+ Kf6 30. Qc3+ Ke6 31. Qc4 Qxd5 32. Qg4+ Kd6 33. Qf4+ Qe5 0-1

[Event "DVM U14 2021"]
[Site "Willingen"]
[Date "2022.08.15"]
[Round "6"]
[White "Grozea, Nicolae Theodor"]
[Black "Rudolph, Alexander"]
[Result "0-1"]
[ECO "B42"]
[WhiteElo "1467"]
[BlackElo "1417"]
[Annotator "NA RC"]
[PlyCount "76"]
[EventDate "2022.08.12"]
[EventType "team-tourn"]
[EventRounds "7"]
[EventCountry "GER"]
[SourceTitle "playchess.com"]
[Source "ChessBase"]
[SourceQuality "1"]
[TimeControl "40/5400+30:1800+30"]

1. e4 c5 2. Nf3 e6 3. d4 cxd4 4. Nxd4 a6 5. Bd3 Qc7 6. Qe2 Nf6 7. e5 Nd5 8. a3 d6 9. c4 dxe5 10. Nxe6 Bxe6 11. cxd5 Qxc1+ 12. Qd1 Qxd1+ 13. Kxd1 Bxd5 14. f3 Nc6 15. Nc3 Bb3+ 16. Ke2 Nd4+ 17. Kf1 Bc2 18. Bc4 f6 19. Kf2 Bc5 20. Kf1 Rd8 21. Re1 b5 22. Be2 Nxe2 23. Nxe2 Bd3 24. g3 Bxe2+ 25. Rxe2 Rd3 26. Rc2 Bb6 27. Ke2 Re3+ 28. Kd1 Ke7 29. f4 Rd8+ 30. Kc1 e4 31. Rc6 Rd6 32. Rc8 Red3 33. Kc2 e3 34. Re1 e2 35. Rxe2+ Re3 36. Rg2 Rde6 37. Rg1 Re2+ 38. Kb3 Bxg1 0-1

[Event "DVM U14 2021"]
[Site "Willingen"]
[Date "2022.08.15"]
[Round "6"]
[White "Marcziter, Alex"]
[Black "Walter, Romeo"]
[Result "1-0"]
[ECO "B19"]
[WhiteElo "1466"]
[BlackElo "1197"]
[Annotator "NA RC"]
[PlyCount "107"]
[EventDate "2022.08.12"]
[EventType "team-tourn"]
[EventRounds "7"]
[EventCountry "GER"]
[SourceTitle "playchess.com"]
[Source "ChessBase"]
[SourceQuality "1"]
[TimeControl "40/5400+30:1800+30"]

1. e4 c6 2. d4 d5 3. Nd2 dxe4 4. Nxe4 Bf5 5. Ng3 Bg6 6. h4 h6 7. h5 Bh7 8. Nf3 Nd7 9. Bd3 Bxd3 10. Qxd3 e6 11. Bf4 Ngf6 12. O-O-O Nd5 13. Bd2 c5 14. Kb1 Qb6 15. c4 Nb4 16. Qe2 cxd4 17. Nxd4 Nc6 18. Be3 Bc5 19. Nc2 Nf6 20. Nf5 Bxe3 21. Nd6+ Ke7 22. Nxe3 g6 23. hxg6 fxg6 24. Rhe1 Kf8 25. Qf3 Kg7 26. Ne4 Rhf8 27. Nxf6 Nd4 28. Qe4 Rad8 29. Nfg4 h5 30. Ne5 Rf6 31. f3 Qc5 32. Nc2 Nc6 33. Rxd8 Nxd8 34. Nd7 Qg5 35. Nxf6 Kxf6 36. f4 Qh4 37. Qe5+ Kf7 38. Qg5 Qxg5 39. fxg5 Nc6 40. b4 Nb8 41. Kb2 Nd7 42. Kc3 e5 43. c5 Ke6 44. Kc4 Kf5 45. Kd5 Kxg5 46. Kd6 Nf6 47. Rxe5+ Kf4 48. Re7 Ne4+ 49. Kc7 Nc3 50. Kxb7 Kg3 51. Rg7 Kxg2 52. Rxg6+ Kh3 53. c6 Nb5 54. c7 1-0